 Dungeon Crawl Stone Soup version 0.30-a0-1053-gbd8d5ba0ad (webtiles) character file.

Game seed: 8967757573843480114

774 GigaChad the Shield-Bearer (level 8, -1/61 HPs)
             Began as a Formicid Fighter on Apr 11, 2023.
             Slain by a kobold
             ... wielding a +0 short sword
              (2 damage)
             ... on level 4 of the Dungeon.
             The game lasted 00:04:15 (3110 turns).

GigaChad the Shield-Bearer (Formicid Fighter)       Turns: 3110, Time: 00:04:16

Health: -1/61      AC:  8    Str: 22 (24) XL:     8   Next: 10%
Magic:  8/8        EV:  9    Int:  4 (7)  God:
Gold:   194        SH:  5    Dex: 10 (13) Spells: 7/7 levels left

rFire   . . .      SeeInvis +    l - +1 scythe (venom)
rCold   . . .      Faith    .    c - +0 buckler
rNeg    . . .      Spirit   .    b - +0 scale mail
rPois   .          Reflect  .    (helmet unavailable)
rElec   .          Rampage  .    j - +0 cloak
rCorr   .                        (no gloves)
Will    .....                    (no boots) Stlth
                                 (no amulet)
HPRegen 0.30/turn                (no ring)
MPRegen 0.11/turn                (no ring)

@: no status effects
A: permanent stasis, dig shafts and tunnels, antennae 3, four strong arms
a: Dig, Shaft Self


You were on level 4 of the Dungeon.
You visited 1 branch of the dungeon, and saw 4 of its levels.

You collected 194 gold pieces.

Inventory:

Hand Weapons
 a - a +0 war axe
 l - a +1 scythe of venom (weapon)
Armour
 b - a +0 scale mail (worn)
 c - a +0 buckler (worn)
 j - a +0 cloak (worn)
Wands
 m - a wand of charming (3)
Scrolls
 f - a scroll of teleportation
 g - 3 scrolls of identify
 i - 2 scrolls of noise
 n - a scroll of immolation {unknown}
Potions
 d - 3 potions of might
 e - a potion of magic {unknown}
 h - a potion of degeneration
 k - 2 potions of curing {unknown}
 o - a potion of brilliance {unknown}


   Skills:
 * Level 4.8 Fighting
 * Level 5.3(5.8) Axes
 * Level 3.4(4.9) Polearms
 * Level 5.1 Armour
 * Level 5.5 Shields


You had 7 spell levels left.
You didn't know any spells.
Your spell library contained the following spells:

 Spells                   Type           Power      Damage    Failure   Level
 Inner Flame              Hex/Fire       0%         N/A       99%         3
 Portal Projectile        Hex/Tloc       0%         N/A       99%         3
 Tukima's Dance           Hex            0%         N/A       99%         3
 Blade Hands              Tmut           0%         N/A       100%        5
 Yara's Violent Unravell  Hex/Tmut       0%         3d3       100%        5
 Enfeeble                 Hex            0%         N/A       100%        7


Dungeon Overview and Level Annotations

Branches:
Dungeon (4/15)
 Temple: D:4-7

Altars:
Dithmenos
Makhleb
Uskayaw
Xom

Annotations:
D:4 1 transporter


Innate Abilities, Weirdness & Mutations

You cannot be hasted, slowed, berserked, paralysed or teleported.
You can dig through walls and to a lower floor.
You have a pair of large antennae on your head. (SInv)
Your four strong arms can wield two-handed weapons with a shield.


Message History

The goblin unwields a +0 sling.
The goblin wields a +0 club.
The goblin barely misses you.
You slash the goblin!
You kill the goblin!
The orc priest hits you with a +0 dagger.
The iguana bites you!
* * * LOW HITPOINT WARNING * * *
You block the orc priest's attack.
You hit the iguana but do no damage. The iguana bites you.
* * * LOW HITPOINT WARNING * * *
The orc priest hits you but does no damage.
You hit the iguana but do no damage.
The iguana is poisoned.
The iguana bites you.
* * * LOW HITPOINT WARNING * * *
The orc priest hits you but does no damage.
You puncture the iguana!
The iguana is almost dead.
The iguana bites you.
* * * LOW HITPOINT WARNING * * *
The orc priest hits you with a +0 dagger.
* * * LOW HITPOINT WARNING * * *
It was a potion of degeneration.
There was something very wrong with that liquid.
You feel weakened.
You feel dopey.
You feel clumsy.
You kill the iguana!
The orc priest looks encouraged for a moment.
You closely miss the orc priest.
The orc priest is moderately wounded.
The kobold closely misses you.
The orc priest hits you but does no damage. x2
The kobold closely misses you.
You barely miss the orc priest.
The orc priest is moderately wounded.
The kobold barely misses you.
The orc priest hits you with a +0 dagger.
* * * LOW HITPOINT WARNING * * *
You barely miss the orc priest.
The orc priest is moderately wounded.
The kobold hits you with a +0 short sword.
You die...

#. #. #. #. #.
## . #. #.###
..© #.
#.#.#####.....
#.
##.#.o@K.....©
##
#.#.#######...
#.## #.# ##.##
##.).########
#..#.........
#....########
#.#.##


You could see an orc priest and a kobold.

Vanquished Creatures
  Sigmund (D:3)
  A black bear (D:4)
  3 ogres (D:4)
  A phantom (D:4)
  A hound (D:4)
  An orc priest (D:4)
  An iguana (D:4)
  An orc wizard (D:3)
  3 worms
  3 dart slugs
  7 orcs
  8 endoplasms
  3 giant cockroaches
  11 goblins
  7 hobgoblins
  4 kobolds
  6 quokkas
  6 ball pythons
  4 bats
  4 frilled lizards
  3 rats
79 creatures vanquished.

Notes
Turn   | Place    | Note
-------+----------+-------------------------------------------
     0 | D:1      | GigaChad the Formicid Fighter began the quest for the Orb.
     0 | D:1      | Reached XP level 1. HP: 18/18 MP: 1/1
   156 | D:1      | Reached XP level 2. HP: 20/24 MP: 2/2
   744 | D:1      | Reached XP level 3. HP: 29/29 MP: 3/3
  1277 | D:2      | Found a faded altar of an unknown god.
  1478 | D:2      | Reached XP level 4. HP: 30/37 MP: 4/4
  1854 | D:3      | Noticed Sigmund
  1864 | D:3      | Killed Sigmund
  1865 | D:3      | Reached XP level 5. HP: 15/42 MP: 5/5
  1865 | D:3      | Reached XP level 6. HP: 17/48 MP: 6/6
  2213 | D:3      | Found a hide-covered altar of Uskayaw.
  2369 | D:3      | Found a shimmering altar of Xom.
  2516 | D:4      | Noticed an ogre
  2519 | D:4      | Killed an ogre
  2520 | D:4      | Reached skill level 5 in Shields
  2533 | D:4      | Reached skill level 5 in Axes
  2533 | D:4      | Reached skill level 1 in Polearms
  2533 | D:4      | Reached XP level 7. HP: 55/55 MP: 7/7
  2773 | D:4      | Found a burning altar of Makhleb.
  2866 | D:4      | Found a shadowy altar of Dithmenos.
  3095 | D:4      | Found a transporter.
  3101 | D:4      | Reached skill level 5 in Armour
  3101 | D:4      | Reached XP level 8. HP: 26/61 MP: 8/8
  3106 | D:4      | HP: 3/61 [orc priest/+0 dagger (3)]
  3109 | D:4      | HP: 1/61 [orc priest/+0 dagger (3)]
  3110 | D:4      | Slain by a kobold

Illustrated notes

Levels and vault maps discovered:
D:1:      heliophobic_arrival_ceremonial_halls, layout_basic, st_stairs_4
D:2:      layout_basic, hellmonk_ecumenical_altar_pennies_from_heaven,
          grunt_decor_arrowhead
D:3:      layout_loops_ring, nicolae_overflow_crystal_walls,
          nicolae_uskayaw_murder_on_the_dancefloor, portal_sewer_entry_e,
          uniq_sigmund
D:4:      layout_loops_ring, nicolae_dithmenos_shadow_blocks,
          lemuel_round_altar, gammafunk_ghost_smash

Skill      XL: |  1  2  3  4  5  6  7 |
---------------+----------------------+-----
Axes           | 4 5 |  5.3
Fighting       | 4 |  4.8
Armour         | 4 5 |  5.1
Shields        | 5 |  5.5
Polearms       | 1 3 |  3.4

Action                     |  1- 3 |  4- 6 |  7- 9 || total
---------------------------+-------+-------+-------++-------
  Melee: War axe           |    80 |    31 |       ||   111
         Halberd           |       |    28 |    70 ||    98
Ability: Dig               |     1 |       |       ||     1
    Use: Scroll            |       |     2 |       ||     2
         Potion            |       |       |     1 ||     1
 Armour: Scale mail        |    27 |    29 |    33 ||    89
  Dodge: Dodged            |    31 |    27 |    23 ||    81
  Block: Buckler           |    18 |    13 |    13 ||    44

Table legend: (Time is in decaauts)
 A = Elapsed time spent in this place.
 B = Non-inter-level travel time spent in this place.
 C = Inter-level travel time spent in this place.
 D = Time resting spent in this place.
 E = Time spent auto-exploring this place.
 F = Levels seen in this place.
 G = Mean time per level.
                   A        B        C        D        E       F      G
               +--------+--------+--------+--------+--------+-----+--------+
         Total |   3189 |   3065 |    124 |    159 |   2289 |   4 |  797.2 |
       Dungeon |   3189 |   3065 |    124 |    159 |   2289 |   4 |  797.2 |
               +--------+--------+--------+--------+--------+-----+--------+

Top non-repeatable levels by time:
     D:3: 903 daAuts
     D:1: 862 daAuts
     D:2: 800 daAuts
     D:4: 623 daAuts
